 Dungeon Crawl Stone Soup version 0.28.0-43-g3370ac3207 (webtiles) character file.

Game seed: 2616429955595036155

3524 jimonade the Cleaver (level 10, -1/73 HPs)
             Began as a Gnoll Wanderer on Mar 16, 2022.
             Was a Follower of Vehumet.
             Slain by a red ugly thing (6 damage)
             ... on level 8 of the Dungeon.
             The game lasted 00:33:06 (9815 turns).

jimonade the Cleaver (Gnoll Wanderer)               Turns: 9815, Time: 00:33:06

Health: -1/73      AC: 18    Str: 18    XL:     10   Next: 8%
Magic:  17/17      EV:  7    Int: 11    God:    Vehumet [*.....]
Gold:   458        SH:  0    Dex: 10    Spells: 18/18 levels left

rFire   + . .      SeeInvis .   p - +7 club
rCold   . . .      Faith    .   (no shield)
rNeg    + . .      Spirit   .   N - +0 plate armour
rPois   .          Reflect  .   r - +1 helmet
rElec   .          Harm     .   (no cloak)
rCorr   .          Rampage  .   x - +0 pair of gloves
Will    .....                   V - +0 pair of boots
Stlth   ..........              i - amulet of the acrobat
HPRegen 0.22/turn               A - ring of protection from fire
MPRegen 0.15/turn               H - ring of positive energy

@: no status effects
A: fangs 1, strong nose, distributed training
a: Renounce Religion


You were on level 8 of the Dungeon.
You worshipped Vehumet.
Vehumet was aware of your devotion.
You visited 1 branch of the dungeon, and saw 8 of its levels.

You collected 458 gold pieces.

Inventory:

Hand Weapons
 a - a +2 hand axe
 b - a +0 shortbow
 o - a +0 dagger of venom
 p - a +7 club (weapon)
 q - a +2 dagger of speed
 z - a +0 hunting sling of flaming
 I - a +0 triple sword
 K - a +1 spear of flaming
 P - a +0 glaive of flaming
 U - a +2 long sword of holy wrath
Missiles
 c - 189 arrows
 d - 10 boomerangs
 h - 59 bolts
 s - 272 stones (quivered)
 u - 66 sling bullets
 C - 9 poisoned darts
Armour
 r - a +1 helmet (worn)
 w - a scarf of harm
 x - a +0 pair of gloves (worn)
 J - a +0 chain mail
 N - a +0 plate armour (worn)
 S - +0 acid dragon scales
 V - a +0 pair of boots (worn)
Magical Staves
 e - a staff of fire
Jewellery
 i - an amulet of the acrobat (around neck)
 j - an amulet of magic regeneration
 A - a ring of protection from fire (left hand)
 G - a ring of wizardry
 H - a ring of positive energy (right hand)
Wands
 g - a wand of flame (6)
 M - a wand of polymorph (8)
Scrolls
 k - a scroll of fear
 l - 2 scrolls of teleportation
 L - a scroll of fog
 Q - a scroll of magic mapping {unknown}
 R - 2 scrolls of identify {unknown}
 T - a scroll of silence {unknown}
 W - a scroll of amnesia
Potions
 f - 2 potions of magic {unknown}
 m - 3 potions of flight {unknown}
 n - a potion of cancellation {unknown}
 t - a potion of brilliance {unknown}
 v - a potion of haste {unknown}
 B - a potion of curing
 D - a potion of mutation {unknown}
 E - a potion of ambrosia {unknown}
 F - a potion of heal wounds {unknown}
 O - a potion of invisibility {unknown}


   Skills:
 + Level 4.9 Fighting
 + Level 4.9 Short Blades
 + Level 4.9 Long Blades
 + Level 11.5 Axes
 + Level 4.9 Maces & Flails
 + Level 4.9 Polearms
 + Level 4.9 Staves
 + Level 4.9 Slings
 + Level 5.6 Bows
 + Level 4.9 Crossbows
 + Level 4.9 Throwing
 + Level 8.3 Armour
 + Level 4.9 Dodging
 + Level 4.9 Stealth
 + Level 4.9 Shields
 + Level 4.9 Unarmed Combat
 + Level 4.9 Spellcasting
 + Level 4.0 Conjurations
 + Level 4.0 Hexes
 + Level 4.0 Summonings
 + Level 4.0 Necromancy
 + Level 4.0 Translocations
 + Level 4.0 Transmutations
 + Level 4.0 Fire Magic
 + Level 4.0 Ice Magic
 + Level 4.0 Air Magic
 + Level 4.0 Earth Magic
 + Level 4.0 Poison Magic
 + Level 6.0 Invocations
 + Level 4.9 Evocations


You had 18 spell levels left.
You didn't know any spells.
Your spell library was empty.

Dungeon Overview and Level Annotations

Branches:
Dungeon (8/15)             Temple (0/1) D:7
   Lair: D:8-11

Altars:
Ashenzari
Cheibriados
Hepliaklqana
Okawaru
Sif Muna
Vehumet

Shops:
D:4 (   D:5 :   D:6 *   D:7 [   D:8 [!*[

Annotations:
D:4 2 transporters, experimilk's ghost, amateur MiHu


Innate Abilities, Weirdness & Mutations

You have very sharp teeth.
Your uncanny sense of smell can sniff out nearby items.
Your experience applies equally to all skills.


Message History

Press: ? - help, Shift-Dir - straight line, f/p - red ugly thing
Aim: a red ugly thing (60% to hit, chance to blind on hit: 3%)
You throw an atropa-tipped dart.
The atropa-tipped dart barely misses the red ugly thing.
The red ugly thing closely misses you.
Throw: dart (atropa)
Press: ? - help, Shift-Dir - straight line, f/p - red ugly thing
Aim: a red ugly thing (60% to hit, chance to blind on hit: 3%)
You throw an atropa-tipped dart.
The atropa-tipped dart barely misses the red ugly thing.
The red ugly thing punches you but does no damage.
You hit the red ugly thing but do no damage.
The red ugly thing punches you but does no damage.
You hit the red ugly thing.
The red ugly thing is lightly wounded.
The red ugly thing punches you but does no damage.
You closely miss the red ugly thing. You bite the red ugly thing.
The red ugly thing is lightly wounded.
The red ugly thing punches you.
You are engulfed in flames!
You resist.
You hit the red ugly thing.
You bite the red ugly thing, but do no damage.
The red ugly thing is lightly wounded.
The red ugly thing punches you.
You are engulfed in flames!
You resist.
You hit the red ugly thing.
The red ugly thing is moderately wounded.
The red ugly thing barely misses you.
You closely miss the red ugly thing. Your bite misses the red ugly thing.
The red ugly thing is lightly wounded.
The red ugly thing punches you!
You are engulfed in flames!
You resist.
You sock the red ugly thing!
You bite the red ugly thing, but do no damage.
The red ugly thing is moderately wounded.
The red ugly thing punches you.
You are engulfed in flames!
You resist.
* * * LOW HITPOINT WARNING * * *
You sock the red ugly thing!
The red ugly thing is heavily wounded.
The red ugly thing punches you!
* * * LOW HITPOINT WARNING * * *
You are engulfed in flames.
You resist.
You die...

#.# ##'# #.
##..# ##)##
##...# ###...#
##....#
#...#.####.....+
#........'.....#
#.#...####.....#
###.#..##
##....##
#..@..## ##....#
##u#### ##...#
∆#. ∆ ##'## .#
#.# ## ###.### ∆
#.....#
#######......
#...........#
######......#


You could see a red ugly thing.

Vanquished Creatures
  Maggie (D:7)
  2 steam dragons
  5 water moccasins
  3 ice beasts
  An orc warrior (D:8)
  A sky beast (D:6)
  5 black bears
  2 necrophages (D:5)
  A phantom (D:5)
  2 ogres (D:6)
  2 centaurs
  A bullfrog (D:8)
  A wyvern zombie (D:8)
  A scorpion (D:5)
  2 electric eels
  A bullfrog zombie (D:6)
  A gnoll shaman (D:5)
  A hound (D:5)
  4 jellies
  2 orc priests (D:7)
  2 centaur skeletons
  A bullfrog skeleton (D:6)
  6 orc wizards
  A scorpion zombie (D:5)
  A mummy (D:6)
  Robin (D:2)
  4 adders
  6 gnolls
  An adder skeleton (D:5)
  A worm (D:3)
  A dart slug (D:1)
  20 orcs
  7 ball pythons
  8 endoplasms
  2 giant cockroaches (D:2)
  13 goblins
  14 hobgoblins
  7 jackals
  A quokka (D:1)
  7 bats
  3 frilled lizards
  12 kobolds
  A kobold zombie (D:6)
  An orc zombie (D:6)
  5 rats
165 creatures vanquished.

Vanquished Creatures (others)
  6 plants (D:4)
6 creatures vanquished.

Grand Total: 171 creatures vanquished

Notes
Turn   | Place    | Note
-------+----------+-------------------------------------------
     0 | D:1      | Reached skill level 10 in Axes
     0 | D:1      | jimonade the Gnoll Wanderer began the quest for the Orb.
     0 | D:1      | jimonade set off with the following items: a +2 hand axe, a
                  | +0 shortbow, 28 arrows, a +0 ring mail
     0 | D:1      | Reached XP level 1. HP: 13/13 MP: 2/2
    81 | D:1      | Reached XP level 2. HP: 17/19 MP: 3/3
   607 | D:1      | Reached XP level 3. HP: 24/25 MP: 4/4
   607 | D:1      | Found a faded altar of an unknown god.
  1002 | D:2      | Noticed Robin
  1019 | D:2      | Killed Robin
  1020 | D:2      | Reached skill level 1 in Fighting
  1020 | D:2      | Reached skill level 1 in Short Blades
  1020 | D:2      | Reached skill level 1 in Long Blades
  1020 | D:2      | Reached skill level 1 in Maces & Flails
  1020 | D:2      | Reached skill level 1 in Polearms
  1020 | D:2      | Reached skill level 1 in Staves
  1020 | D:2      | Reached skill level 1 in Slings
  1020 | D:2      | Reached skill level 1 in Crossbows
  1020 | D:2      | Reached skill level 1 in Throwing
  1020 | D:2      | Reached skill level 1 in Dodging
  1020 | D:2      | Reached skill level 1 in Stealth
  1020 | D:2      | Reached skill level 1 in Shields
  1020 | D:2      | Reached skill level 1 in Unarmed Combat
  1020 | D:2      | Reached skill level 1 in Spellcasting
  1020 | D:2      | Reached skill level 1 in Evocations
  1039 | D:2      | Reached XP level 4. HP: 20/32 MP: 6/6
  2086 | D:3      | Reached skill level 1 in Conjurations
  2086 | D:3      | Reached skill level 1 in Hexes
  2086 | D:3      | Reached skill level 1 in Summonings
  2086 | D:3      | Reached skill level 1 in Necromancy
  2086 | D:3      | Reached skill level 1 in Translocations
  2086 | D:3      | Reached skill level 1 in Transmutations
  2086 | D:3      | Reached skill level 1 in Fire Magic
  2086 | D:3      | Reached skill level 1 in Ice Magic
  2086 | D:3      | Reached skill level 1 in Air Magic
  2086 | D:3      | Reached skill level 1 in Earth Magic
  2086 | D:3      | Reached skill level 1 in Poison Magic
  2485 | D:3      | Found a faded altar of an unknown god.
  2489 | D:3      | Found a radiant altar of Vehumet.
  2712 | D:3      | Reached XP level 5. HP: 37/37 MP: 7/7
  2846 | D:3      | Found a hazy altar of Hepliaklqana.
  3574 | D:3      | Became a worshipper of Vehumet
  3588 | D:4      | Noticed a black bear
  3615 | D:4      | Killed a black bear
  3616 | D:4      | Reached XP level 6. HP: 28/44 MP: 8/8
  3634 | D:4      | Found Keasupuc's Antique Weapon Emporium.
  3972 | D:4      | Found a transporter.
  3986 | D:4      | Noticed experimilk's ghost (amateur MiHu)
  4065 | D:4      | Found a transporter.
  4272 | D:5      | Entered Level 5 of the Dungeon
  4280 | D:5      | Noticed a water moccasin
  4688 | D:5      | Noticed a necrophage
  4729 | D:5      | Reached XP level 7. HP: 45/50 MP: 10/10
  5106 | D:5      | Found a broken altar of Ashenzari.
  5118 | D:5      | Found a shimmering blue altar of Sif Muna.
  5486 | D:5      | Reached * piety under Vehumet
  5486 | D:5      | Offered knowledge of Magic Dart by Vehumet.
  5487 | D:5      | Reached XP level 8. HP: 55/57 MP: 12/12
  5611 | D:5      | Found Kepiolli's Self-Improvement Boutique.
  5828 | D:6      | Reached skill level 11 in Axes
  6204 | D:6      | Found Jotobiak's Assorted Antiques.
  6238 | D:6      | Reached skill level 5 in Invocations
  6238 | D:6      | Reached XP level 9. HP: 61/65 MP: 14/14
  6338 | D:6      | Found an iron altar of Okawaru.
  7274 | D:6      | Reached skill level 5 in Bows
  8139 | D:7      | Noticed Maggie
  8153 | D:7      | Killed Maggie
  8219 | D:7      | Found a snail-covered altar of Cheibriados.
  8219 | D:7      | Found Cheibriados's Comfort Zone.
  8664 | D:7      | Found a staircase to the Ecumenical Temple.
  9198 | D:8      | Reached XP level 10. HP: 71/73 MP: 17/17
  9372 | D:8      | Found Leoxt's Antique Armour Emporium.
  9525 | D:8      | Found Koash's Distillery.
  9525 | D:8      | Found Dibruet's General Store.
  9527 | D:8      | Found Isedic's Armour Shop.
  9803 | D:8      | Noticed a red ugly thing
  9815 | D:8      | Slain by a red ugly thing

Illustrated notes

Levels and vault maps discovered:
D:1:      lemuel_arrival_lava_pool, layout_rooms, ebering_ecumenical_altar_webs
D:2:      layout_loops_ring, uniq_robin
D:3:      layout_loops_corners, nicolae_overflow_ecumenical_swirl,
          mainiacjoe_overflow_catwalk, dk_vineyard_2
D:4:      layout_rooms, nicolae_overflow_hidden_temple,
          gammafunk_ghost_gnarly_gnolls, serial_shops, shop_fountains
D:5:      minmay_polygon_palace, layout_rooms, ashenzari_altar_1,
          amcnicky_altar_gilded, serial_shops, nicolae_shop_hallway_plus,
          nicolae_shop_self_help
D:6:      layout_basic, mainiacjoe_overflow_small_starburst, serial_shops, shop,
          nicolae_ossuary_entry_giza, kennysheep_minor_cross,
          grunt_ministairs_12, fountainhead, st_stairs_6
D:7:      layout_loops_cross, minmay_temple_entry_enclosed_plants,
          minmay_shop_chei, uniq_maggie
D:8:      minmay_cornered_nines, layout_loops_corners, nicolae_wooded_promenade,
          kennysheep_another_room

Skill      XL: |  1  2  3  4  5  6  7  8  9 10 |
---------------+-------------------------------+-----
Axes           | 11 | 11.5
Fighting       | 1 2 3 4 |  4.9
Short Blades   | 1 2 3 4 |  4.9
Long Blades    | 1 2 3 4 |  4.9
Maces & Flails | 1 2 3 4 |  4.9
Polearms       | 1 2 3 4 |  4.9
Staves         | 1 2 3 4 |  4.9
Slings         | 1 2 3 4 |  4.9
Crossbows      | 1 2 3 4 |  4.9
Throwing       | 1 2 3 4 |  4.9
Dodging        | 1 2 3 4 |  4.9
Stealth        | 1 2 3 4 |  4.9
Shields        | 1 2 3 4 |  4.9
Unarmed Combat | 1 2 3 4 |  4.9
Spellcasting   | 1 2 3 4 |  4.9
Evocations     | 1 2 3 4 |  4.9
Conjurations   | 1 2 3 4 |  4.0
Hexes          | 1 2 3 4 |  4.0
Summonings     | 1 2 3 4 |  4.0
Necromancy     | 1 2 3 4 |  4.0
Translocations | 1 2 3 4 |  4.0
Transmutations | 1 2 3 4 |  4.0
Fire Magic     | 1 2 3 4 |  4.0
Ice Magic      | 1 2 3 4 |  4.0
Air Magic      | 1 2 3 4 |  4.0
Earth Magic    | 1 2 3 4 |  4.0
Poison Magic   | 1 2 3 4 |  4.0
Invocations    | 3 4 5 6 |  6.0
Bows           | 3 4 5 |  5.6
Armour         | 7 8 |  8.3

Action                   |  1- 3 |  4- 6 |  7- 9 | 10-12 || total
-------------------------+-------+-------+-------+-------++-------
Melee: Hand axe          |    86 |     8 |       |       ||    94
       Bite              |     8 |    14 |    30 |     5 ||    57
       Club              |       |   212 |   283 |    50 ||   545
       Punch             |       |     3 |     8 |     1 ||    12
Throw: Dart              |       |     5 |    12 |     4 ||    21
Evoke: Wand              |       |       |     9 |       ||     9
  Use: Scroll            |       |     6 |     2 |       ||     8
 Stab: Invisible         |       |     1 |     1 |       ||     2
Armor: Ring mail         |    23 |    43 |       |       ||    66
       Chain mail        |       |    96 |    30 |       ||   126
       Plate armour      |       |       |   235 |    20 ||   255
Dodge: Dodged            |    46 |   153 |   112 |    17 ||   328
